 Dungeon Crawl Stone Soup version 0.29.0-10-g45618ea6d2 (webtiles) character file.

Game seed: 14278514477932805968

261 blackman the Chopper (level 5, -5/41 HPs)
             Began as a Demonspawn Fighter on Sept 1, 2022.
             Was an Elder of Cheibriados.
             Slain by a gnoll
             ... wielding a +0 flail of protection
              (6 damage)
             ... on level 4 of the Dungeon.
             The game lasted 00:07:29 (2948 turns).

blackman the Chopper (Demonspawn Fighter)           Turns: 2948, Time: 00:07:29

Health: -5/41      AC:  6    Str: 27    XL:     5   Next: 96%
Magic:  5/5        EV: 10    Int: 19    God:    Cheibriados [****..]
Gold:   219        SH:  5    Dex: 21    Spells: 4/4 levels left

rFire   . . .      SeeInvis .   a - +0 war axe
rCold   . . .      Faith    .   c - +0 buckler
rNeg    . . .      Spirit   .   b - +0 scale mail
rPois   .          Reflect  .   (no helmet)
rElec   .          Harm     .   (no cloak)
rCorr   .          Rampage  .   (no gloves)
Will    .....                   (no boots)
Stlth   +.........              (no amulet)
HPRegen 0.13/turn               (no ring)
MPRegen 0.09/turn               (no ring)

@: very slow
A: spiny 1, sturdy frame 1
a: Renounce Religion, Bend Time, Temporal Distortion, Slouch


You were on level 4 of the Dungeon.
You worshipped Cheibriados.
Cheibriados was greatly pleased with you.
You visited 1 branch of the dungeon, and saw 4 of its levels.

You collected 219 gold pieces.

Inventory:

Hand Weapons
 a - a +0 war axe (weapon)
Armour
 b - a +0 scale mail (worn)
 c - a +0 buckler (worn)
Jewellery
 h - a ring of flight
Wands
 q - a wand of paralysis (13)
Scrolls
 e - a scroll of amnesia {unknown}
 f - 2 scrolls of enchant weapon {unknown}
 g - a scroll of poison
 j - a scroll of summoning
 l - a scroll of teleportation {unknown}
 n - 3 scrolls of noise
 p - a scroll of identify
 r - a scroll of fear {unknown}
 s - a scroll of acquirement {unknown}
 t - a scroll of magic mapping {unknown}
Potions
 d - 5 potions of curing
 i - 2 potions of mutation
 k - 2 potions of attraction
 m - 2 potions of resistance
 o - a potion of magic {unknown}
 u - a potion of brilliance {unknown}


   Skills:
 - Level 3.0 Fighting
 + Level 5.7 Axes
 - Level 2.6 Armour
 - Level 2.6 Shields


You had 4 spell levels left.
You didn't know any spells.
Your spell library was empty.

Dungeon Overview and Level Annotations

Branches:
Dungeon (4/15)
 Temple: D:4-7

Altars:
Cheibriados
Qazlal
Xom


Innate Abilities, Weirdness & Mutations

You are partially covered in sharp spines.
Your movements are slightly less encumbered by armour. (ER -2)


Message History

The hobgoblin is heavily wounded.
The hobgoblin is struck by your spines.
You kill the hobgoblin!
Cheibriados appreciates the change of pace.
The gnoll misses you. The gnoll hits you but does no damage.
Items here: ( ))))) [[ ††††.
You barely miss the gnoll. You hit the dart slug. The gnoll barely misses you.
You block the dart slug's attack. The gnoll hits you with a +0 spear.
You hit the gnoll.
The gnoll is moderately wounded.
You slash the dart slug!
You kill the dart slug!
Cheibriados appreciates the change of pace.
You can now inflict damage on those overly hasty.
Cheibriados raises the support of your attributes as your movement slows.
The gnoll is struck by your spines. The gnoll hits you with a +0 spear.
The quokka is struck by your spines. The quokka barely misses you.
You barely miss the gnoll.
The gnoll is almost dead.
You hit the quokka.
You kill the quokka!
Cheibriados thoroughly appreciates the change of pace.
The gnoll is struck by your spines. The gnoll closely misses you.
You slash the gnoll!
You kill the gnoll!
Cheibriados thoroughly appreciates the change of pace.
You hit the gnoll but do no damage. The gnoll closely misses you.
The gnoll hits you with a +0 flail of protection.
* * * LOW HITPOINT WARNING * * *
The gnoll hits you with a +0 flail of protection.
* * * LOW HITPOINT WARNING * * *
Things that are here:
a +0 spear; 5 stones; a gnoll corpse You closely miss the gnoll.
The gnoll misses you.
You hit the gnoll.
The gnoll is moderately wounded.
The gnoll hits you with a +0 flail of protection!
* * * LOW HITPOINT WARNING * * *
The gnoll hits you with a +0 flail of protection.
You die...

......
#..#####.#
......##..# ##.
.......#..#
....
.....>.#..# ###
.... #....#
#.......
###....###.#.$.
#.#............
........####g#.
.....#..#..)@#
#.###.....####
#. #....###
#....# .......#
#.###.[.# #
#...# #...#
#...#


You could see a gnoll.

Vanquished Creatures
  A jelly (D:1)
  An iguana (D:3)
  An orc wizard (D:4)
  2 gnolls (D:4)
  4 adders
  4 worms
  2 dart slugs
  5 orcs
  13 ball pythons
  9 endoplasms
  9 giant cockroaches
  3 goblins
  12 hobgoblins
  6 jackals
  5 quokkas
  4 bats
  8 frilled lizards
  4 kobolds
  14 rats
107 creatures vanquished.

Vanquished Creatures (others)
  2 demonic plants (D:1)
  3 fungi (D:1)
  7 plants (D:1)
  A withered plant (D:1)
13 creatures vanquished.

Grand Total: 120 creatures vanquished

Notes
Turn   | Place    | Note
-------+----------+-------------------------------------------
     0 | D:1      | blackman the Demonspawn Fighter began the quest for the
                  | Orb.
     0 | D:1      | Reached XP level 1. HP: 18/18 MP: 1/1
     0 | D:1      | Noticed a jelly
     1 | D:1      | Found a runed translucent door.
    24 | D:1      | Reached skill level 2 in Axes
    54 | D:1      | Gained mutation: Your movements are slightly less
                  | encumbered by armour. (ER -2) [demonic ancestry]
    54 | D:1      | Reached XP level 2. HP: 23/24 MP: 2/2
   209 | D:1      | Found a faded altar of an unknown god.
   234 | D:1      | Reached skill level 3 in Axes
   237 | D:1      | Prayed at the altar of an unknown god.
   237 | D:1      | Became a worshipper of Cheibriados the Contemplative
   237 | D:1      | Reached * piety under Cheibriados
   406 | D:1      | Gained mutation: You are partially covered in sharp spines.
                  | [demonic ancestry]
   406 | D:1      | Reached XP level 3. HP: 10/29 MP: 3/3
   895 | D:1      | Reached XP level 4. HP: 29/35 MP: 4/4
   896 | D:1      | Reached skill level 4 in Axes
   896 | D:1      | Reached ** piety under Cheibriados
  1744 | D:2      | Reached *** piety under Cheibriados
  1837 | D:2      | Found a shimmering altar of Xom.
  1892 | D:2      | Reached XP level 5. HP: 36/41 MP: 5/5
  2139 | D:3      | Reached skill level 5 in Axes
  2260 | D:3      | Found a stormy altar of Qazlal.
  2943 | D:4      | Reached **** piety under Cheibriados
  2948 | D:4      | HP: 1/41 [gnoll/+0 flail of protection (8)]
  2948 | D:4      | Slain by a gnoll

Illustrated notes

Levels and vault maps discovered:
D:1:      dpeg_arrival_caged_fury, layout_rooms, shapermc_ecumenical_altar_gd
D:2:      layout_loops_corners, basic_altar, minmay_quantized
D:3:      minmay_skewed_foursquare, layout_rooms, mainiacjoe_overflow_boulevard
D:4:      layout_rooms, uniq_edmund, uniq_natasha, uniq_robin

Skill      XL: |  1  2  3  4  5 |
---------------+----------------+-----
Axes           | 2 3 4 5 |  5.7
Fighting       | |  3.0
Armour         | |  2.6
Shields        | |  2.6

Action                   |  1- 3 |  4- 6 || total
-------------------------+-------+-------++-------
Melee: War axe           |    72 |   126 ||   198
  Use: Scroll            |     3 |     4 ||     7
       Potion            |     1 |       ||     1
Armor: Scale mail        |    32 |    29 ||    61
Dodge: Dodged            |    37 |    53 ||    90
Block: Buckler           |    15 |    44 ||    59
